 Dungeon Crawl Stone Soup version 0.24-a0-131-g11e5bb6019 (webtiles) character file.

Game seed: 0

5874 MrRokkomies the Grappler (level 10, 0/93 HPs)
             Began as a Ghoul Monk on Feb 27, 2019.
             Was a Priest of Wu Jian.
             Slain by a five-headed hydra (4 damage)
             ... on level 2 of the Lair of Beasts.
             The game lasted 00:33:41 (7970 turns).

MrRokkomies the Grappler (Ghoul Monk)               Turns: 7970, Time: 00:33:42

Health: 0/93       AC: 17    Str: 19    XL:     10   Next: 81%
Magic:  11/11      EV:  9    Int:  5    God:    Wu Jian [***...]
Gold:   518        SH:  0    Dex: 15    Spells: 9/9 levels left

rFire    + . .     SeeInvis .     - Unarmed
rCold    + . .     Gourm    .   (no shield)
rNeg     + + +     Faith    +   l - +2 chain mail {rF+}
rPois    ∞         Spirit   .   e - +2 helmet
rElec    .         Reflect  .   D - scarf {cloud immunity}
rCorr    .         Harm     .   K - +0 pair of gloves
MR       .....                  (no boots)
Stlth    ..........             x - amulet of faith
HPRegen  0.00/turn              k - +4 ring of dexterity
MPRegen  0.12/turn              G - ring of stealth

@: rotting
A: rotting body, claws 1, carnivore, cold resistance 1, negative energy
resistance 3, inhibited regeneration, torment resistance, unbreathing
a: Wall Jump, Serpent's Lash, Renounce Religion


You were on level 2 of the Lair of Beasts.
You worshipped Wu Jian.
Wu Jian was most pleased with you.
You were not hungry.

You visited 3 branches of the dungeon, and saw 11 of its levels.
You also visited: Sewer.

You collected 518 gold pieces.

Inventory:

Hand Weapons
 b - a +1 blowgun
 r - a +0 shortbow
Missiles
 c - 86 poisoned needles
 p - 9 tomahawks (quivered)
 q - 10 curare-tipped needles
 v - 137 arrows
Armour
 e - a +2 helmet (worn)
 l - a +2 chain mail of fire resistance (worn)
 D - a scarf of cloud immunity (worn)
 K - a +0 pair of gloves (worn)
Jewellery
 h - a +4 ring of intelligence
 k - a +4 ring of dexterity (left hand)
 x - an amulet of faith (around neck)
 B - an uncursed ring of resist corrosion
 G - a ring of stealth (right hand)
Wands
 w - a wand of paralysis (15)
 J - a wand of acid (9)
 N - a wand of random effects (15)
Scrolls
 d - 2 scrolls of enchant armour
 j - 3 scrolls of magic mapping
 n - 3 scrolls of teleportation
 y - 5 scrolls of amnesia
 A - a scroll of fear
 C - 2 scrolls of remove curse
 E - 2 scrolls of identify
 O - a scroll of enchant weapon
Potions
 a - 10 potions of curing
 f - a potion of degeneration {unknown}
 g - a potion of invisibility {unknown}
 m - a potion of heal wounds
 o - 4 potions of brilliance
 s - 4 potions of flight {unknown}
 t - 5 potions of might {unknown}
 u - 2 potions of agility
 z - 5 potions of magic {unknown}
 F - a potion of cancellation {unknown}
 H - a potion of haste {unknown}
 I - 2 potions of lignification {unknown}
 L - a potion of ambrosia {unknown}
Comestibles
 i - 16 rations


   Skills:
 * Level 9.8 Fighting
 - Level 5.1 Throwing
 - Level 6.7 Armour
 - Level 2.9 Dodging
 - Level 2.2 Stealth
 - Level 10.2 Unarmed Combat
 * Level 3.1 Evocations


You had 9 spell levels left.
You didn't know any spells.
Your spell library contained the following spells:

 Spells                   Type           Power        Failure   Level  Hunger
 Magic Dart               Conj           #...         99%         1    ##.....
 Blink                    Tloc           N/A          100%        2    ###....
 Call Imp                 Summ           #.......     100%        2    ###....
 Slow                     Hex            #.......     100%        2    ###....
 Conjure Flame            Conj/Fire      #.......     100%        3    ####...
 Mephitic Cloud           Conj/Pois/Air  #.......     100%        3    ####...


Dungeon Overview and Level Annotations

Branches:
Dungeon (8/15)             Temple (1/1) D:5            Lair (2/6) D:8
  Swamp: Lair:2-4    Shoals: Lair:2-4     Snake: Lair:2-4    Spider: Lair:2-4

Altars:
Ashenzari
Cheibriados
Dithmenos
Elyvilon
Fedhas
Gozag
Hepliaklqana
Kikubaaqudgha
Makhleb
Nemelex Xobeh
Okawaru
Qazlal
Ru
Sif Muna
Trog
Uskayaw
Vehumet
Wu Jian
Xom
Yredelemnul
Zin
The Shining One


Innate Abilities, Weirdness & Mutations

Your body is rotting away.
You thrive on raw meat.
You are immune to poison.
You have sharp fingernails.
You are carnivorous and can eat meat at any time.
Your flesh is cold resistant. (rC+)
You are immune to negative energy. (rN+++)
You do not regenerate when monsters are visible.
You are immune to unholy pain and torment.
You can survive without breathing.


Message History

The five-headed hydra is severely wounded.
The five-headed hydra barely misses you.
The five-headed hydra bites you but does no damage.
The five-headed hydra bites you!
* * * LOW HITPOINT WARNING * * *
The five-headed hydra bites you but does no damage.
The five-headed hydra bites you.
* * * LOW HITPOINT WARNING * * *
Unknown command.
You spin and attack the five-headed hydra.
You barely miss the five-headed hydra.
The five-headed hydra is severely wounded.
The five-headed hydra bites you.
* * * LOW HITPOINT WARNING * * *
The five-headed hydra bites you but does no damage.
The five-headed hydra barely misses you.
The five-headed hydra bites you!
* * * LOW HITPOINT WARNING * * *
The five-headed hydra bites you.
You die...

... .(.# ..(P.
...(.#
......#####
#.##.(....#
........<.#
#.##.##D..#
#.#@.##
#.#...##
#.#....#
......#...#
....?.#....#
.......#.....
.......#.......
..$.........⌠..
...............


You could see a five-headed hydra (pinned).

Vanquished Creatures
  A hydra (Lair:1)
  Joseph (D:7)
  3 spiny frogs
  A steam dragon (D:8)
  3 wyverns
  A water moccasin (Lair:2)
  3 porcupines
  2 orc warriors
  A black bear (D:7)
  A sky beast (D:5)
  2 centaurs
  A phantom (D:5)
  2 ogres
  2 crocodiles (D:8)
  4 big kobolds (Sewer)
  5 bullfrogs
  A gnoll sergeant (D:7)
  A wyvern skeleton (D:8)
  3 vampire bats (D:7)
  3 wights (D:8)
  2 howler monkeys
  2 bullfrog zombies
  4 crimson imps
  An orc priest (D:5)
  2 hounds
  A jelly (D:6)
  10 orc wizards
  2 iguanas
  7 worker ants
  Robin (D:3)
  10 gnolls
  A howler monkey skeleton (D:6)
  6 adders
  6 river rats (D:5)
  An adder skeleton (D:8)
  5 worms
  5 dart slugs
  4 leopard geckos
  16 orcs
  4 ball pythons
  5 bats
  A bat skeleton (D:7)
  3 bat zombies (D:7)
  5 giant cockroaches
  22 goblins
  14 hobgoblins
  8 jackals
  15 kobolds
  5 quokkas
  5 frilled lizards
  A giant cockroach zombie (D:5)
  12 rats
227 creatures vanquished.

Vanquished Creatures (others)
  A fungus (D:8)
  A plant (Lair:1)
2 creatures vanquished.

Grand Total: 229 creatures vanquished

Notes
Turn   | Place    | Note
-------+----------+-------------------------------------------
     0 | D:1      | MrRokkomies the Ghoul Monk began the quest for the Orb.
     0 | D:1      | Reached XP level 1. HP: 19/19 MP: 0/0
    63 | D:1      | Reached XP level 2. HP: 14/26 MP: 1/1
   823 | D:2      | Reached XP level 3. HP: 29/33 MP: 2/2
   904 | D:2      | Reached skill level 1 in Armour
   966 | D:2      | Reached skill level 4 in Unarmed Combat
  1271 | D:2      | Reached XP level 4. HP: 33/40 MP: 3/3
  1359 | D:2      | Found a hide-covered altar of Uskayaw.
  1376 | D:2      | Found a hazy altar of Hepliaklqana.
  1694 | D:3      | Reached XP level 5. HP: 28/44 MP: 4/4
  1747 | D:3      | Found a radiant altar of Vehumet.
  1768 | D:3      | Noticed Robin
  1815 | D:3      | Killed Robin
  1934 | D:3      | Reached skill level 5 in Unarmed Combat
  2231 | D:4      | Reached XP level 6. HP: 47/50 MP: 5/5
  2558 | D:4      | Reached skill level 6 in Unarmed Combat
  2592 | D:4      | Found a glowing golden altar of the Shining One.
  3017 | D:5      | Entered Level 5 of the Dungeon
  3050 | D:5      | Reached XP level 7. HP: 43/57 MP: 6/6
  3104 | D:5      | Found a glowing drain.
  3158 | Sewer    | Entered a sewer
  3425 | Sewer    | Reached skill level 7 in Unarmed Combat
  3436 | Sewer    | Reached skill level 5 in Armour
  3542 | D:5      | Reached XP level 8. HP: 42/66 MP: 7/7
  3671 | D:5      | Reached skill level 8 in Unarmed Combat
  3879 | D:5      | Found a shadowy altar of Dithmenos.
  3924 | D:5      | Found a hide-covered altar of Uskayaw.
  4101 | D:5      | Found a staircase to the Ecumenical Temple.
  4105 | Temple   | Entered the Ecumenical Temple
  4133 | Temple   | Became a worshipper of the Wu Jian Council
  4133 | Temple   | Reached * piety under Wu Jian
  4133 | Temple   | Reached ** piety under Wu Jian
  4356 | D:6      | Found a sacrificial altar of Ru.
  4719 | D:6      | Reached skill level 9 in Unarmed Combat
  4721 | D:6      | HP: 3/66 [orc warrior/+0 scimitar (4)]
  4737 | D:6      | Reached skill level 1 in Throwing
  4737 | D:6      | Reached XP level 9. HP: 28/71 MP: 8/8
  4784 | D:6      | Found a stormy altar of Qazlal.
  5185 | D:6      | Got an ancient robe
  5186 | D:6      | Identified the +1 robe "Lixesucs" {MR++} (You found it on
                  | level 6 of the Dungeon)
  5492 | D:7      | Noticed Joseph
  5517 | D:7      | Killed Joseph
  5517 | D:7      | Reached skill level 5 in Fighting
  5862 | D:7      | Found an ancient bone altar of Kikubaaqudgha.
  6049 | D:7      | Found a shimmering altar of Xom.
  6237 | D:8      | Found a shattered altar of Ashenzari.
  6255 | D:8      | Reached *** piety under Wu Jian
  6328 | D:8      | Reached skill level 5 in Throwing
  6350 | D:8      | Reached XP level 10. HP: 84/86 MP: 9/9
  6711 | D:8      | Found a staircase to the Lair.
  6735 | Lair:1   | Entered Level 1 of the Lair of Beasts
  6785 | Lair:1   | Noticed a six-headed hydra
  6794 | Lair:1   | Killed a six-headed hydra
  6794 | Lair:1   | Reached skill level 10 in Unarmed Combat
  7237 | Lair:1   | Noticed a spiny frog
  7244 | Lair:1   | Killed a spiny frog
  7244 | Lair:1   | Reached skill level 1 in Evocations
  7439 | Lair:1   | Noticed an eight-headed hydra
  7763 | Lair:1   | Noticed a spiny frog
  7773 | Lair:1   | Killed a spiny frog
  7856 | Lair:2   | Noticed a spiny frog
  7879 | Lair:2   | Killed a spiny frog
  7960 | Lair:2   | Noticed a five-headed hydra
  7970 | Lair:2   | HP: 4/93 [five-headed hydra (11)]
  7970 | Lair:2   | Slain by a five-headed hydra

Levels and vault maps discovered:
D:1:      dpeg_arrival_pits, layout_basic, minmay_pentomino_u2
D:2:      layout_basic, overflow_temple_1_default,
          nicolae_overflow_hidden_temple, minmay_misc_feat_diagonals
D:3:      cheibrodos_greedy_goblins, layout_rooms, vehumet_crystals, uniq_robin
D:4:      layout_loops_ring, tso_oasis_becter, first_ration
D:5:      layout_cave_pools, marbit_many_paths, temple_hall_moat, basic_altar,
          lightli_sewer_entry_pipes
D:6:      layout_basic, nicolae_qazlal_style_of_elements,
          nicolae_ru_awakened_eye
D:7:      layout_loops_ring, lemuel_crystal_altar, kennysheep_vampire_church,
          corner_web_ring, uniq_joseph
D:8:      layout_loops_corners, evilmike_ruin_ashenzari,
          grunt_lair_entry_orc_guard_hut
Temple:   minmay_temple_bridge_abc
Lair:1:   layout_loops_ring
Lair:2:   layout_chaotic_city, beast_lair_carwin_5, infiniplex_staircase_pool,
          grunt_megastairs_4
Sewer:    kennysheep_pipe_town

Skill      XL: |  1  2  3  4  5  6  7  8  9 10 |
---------------+-------------------------------+-----
Armour         | 1 2 3 4 5 6 |  6.7
Unarmed Combat | 4 5 6 7 9 10 | 10.2
Fighting       | 4 7 9 |  9.8
Throwing       | 1 5 |  5.1
Evocations     | 3 |  3.1
Dodging        | |  2.9
Stealth        | |  2.2

Action                   |  1- 3 |  4- 6 |  7- 9 | 10-12 || total
-------------------------+-------+-------+-------+-------++-------
Melee: Unarmed           |   119 |   269 |   463 |   150 ||  1001
       Punch             |     1 |     2 |     4 |     4 ||    11
 Fire: Blowgun           |       |       |    32 |     6 ||    38
Throw: Tomahawk          |       |     4 |     6 |     7 ||    17
Invok: Whirlwind         |       |       |    58 |    49 ||   107
       Lunge             |       |       |    11 |     6 ||    17
 Abil: Wall Jump         |       |       |     1 |     1 ||     2
Evoke: Wand              |       |       |       |     5 ||     5
  Use: Scroll            |     2 |    10 |     8 |     3 ||    23
       Potion            |       |     1 |     5 |       ||     6
 Stab: Sleeping          |     1 |       |       |       ||     1
  Eat: Chunk             |     1 |    19 |    24 |    14 ||    58
Armor: Robe              |     6 |       |       |       ||     6
       Plate armour      |    79 |   191 |   305 |       ||   575
       Chain mail        |       |       |    57 |    77 ||   134
Dodge: Dodged            |    30 |    87 |   189 |    54 ||   360

Table legend:
 A = Non-vault XP
 B = Vault XP
 C = Vault XP percentage of total XP
 D = Non-vault monster count
 E = Vault monster count
 F = Vault count percentage of total count
                 A         B        C        D         E       F
            +---------+---------+-------+---------+---------+-------
      Total |    5851 |    2541 |  30.3 |     151 |      76 |  33.5
            +---------+---------+-------+---------+---------+-------
        D:1 |      28 |       1 |   3.4 |      16 |       1 |   5.9
        D:2 |      61 |       0 |   0.0 |      22 |       0 |   0.0
        D:3 |     144 |      61 |  29.8 |      22 |      24 |  52.2
        D:4 |     283 |       0 |   0.0 |      15 |       0 |   0.0
        D:5 |     643 |     223 |  25.8 |      23 |      12 |  34.3
        D:6 |     652 |       0 |   0.0 |      14 |       0 |   0.0
        D:7 |     401 |     639 |  61.4 |      10 |       8 |  44.4
        D:8 |    1482 |     615 |  29.3 |      23 |       5 |  17.9
     Lair:1 |    2157 |       0 |   0.0 |       6 |       0 |   0.0
     Lair:2 |       0 |     565 | 100.0 |       0 |       2 | 100.0
      Sewer |       0 |     437 | 100.0 |       0 |      24 | 100.0
            +---------+---------+-------+---------+---------+-------
